 Dungeon Crawl Stone Soup version 0.29.1-15-g9cfb28693d (webtiles) character file.

Game seed: 6745569138150724905

75 Ast3rio the Magician (level 4, -3/24 HPs)
             Began as a Deep Elf Air Elementalist on Mar 10, 2023.
             Slain by Robin
             ... wielding a +0 falchion
              (6 damage)
             ... on level 3 of the Dungeon.
             The game lasted 00:06:00 (2394 turns).

Ast3rio the Magician (Deep Elf Air Elementalist)    Turns: 2394, Time: 00:06:01

Health: -3/24      AC:  2    Str:  5    XL:     4   Next: 11%
Magic:  1/12       EV: 13    Int: 22    God:
Gold:   117        SH:  0    Dex: 15    Spells: 8/11 levels left

rFire   . . .      SeeInvis .   h - +0 sling
rCold   . . .      Faith    .   (no shield)
rNeg    . . .      Spirit   .   a - +0 robe
rPois   .          Reflect  .   (no helmet)
rElec   .          Harm     .   (no cloak)
rCorr   .          Rampage  .   (no gloves)
Will    .....                   (no boots)
Stlth   ++........              (no amulet)
HPRegen 0.08/turn               (no ring)
MPRegen 0.13/turn               (no ring)

@: no status effects
A: no striking features
a: no special abilities


You were on level 3 of the Dungeon.
You visited 1 branch of the dungeon, and saw 3 of its levels.

You collected 117 gold pieces.

Inventory:

Hand Weapons
 h - a +0 sling (weapon)
Armour
 a - a +0 robe (worn)
Jewellery
 f - a +4 ring of evasion
Scrolls
 c - a scroll of immolation {unknown}
 d - a scroll of noise {unknown}
 e - 2 scrolls of identify {unknown}
 g - a scroll of torment {unknown}
Potions
 b - 2 potions of magic
 i - a potion of haste {unknown}
 j - a potion of curing {unknown}


   Skills:
 + Level 0.5 Ranged Weapons
 + Level 2.7 Dodging
 + Level 3.2 Stealth
 + Level 4.0 Spellcasting
 + Level 1.4 Conjurations
 * Level 3.9 Air Magic


You had 8 spell levels left.
You knew the following spells:

 Your Spells              Type           Power      Damage    Failure   Level
a - Shock                 Conj/Air       64%        1d7       3%          1
b - Static Discharge      Conj/Air       16%        3-5/arc   5%          2

Your spell library contained the following spells:

 Spells                   Type           Power      Damage    Failure   Level
 Swiftness                Air            21%        N/A       7%          3
 Apportation              Tloc           8%         N/A       11%         1
 Airstrike                Air            10%        2d(2-18)  22%         4
 Gell's Gravitas          Tloc           4%         N/A       32%         3
 Inner Flame              Hex/Fire       4%         N/A       32%         3
 Teleport Other           Tloc           4%         N/A       32%         3
 Cause Fear               Hex            2%         N/A       73%         4
 Alistair's Intoxication  Tmut/Pois      2%         N/A       97%         5
 Dispersal                Tloc           2%         N/A       100%        6
 Discord                  Hex            2%         N/A       100%        8


Dungeon Overview and Level Annotations

Branches:
Dungeon (3/15)

Altars:
Xom

Annotations:
D:3 Robin


Message History

Your Spellcasting skill increases to level 4!
Casting: Static Discharge (safe; 5% risk of failure)
Confirm with . or Enter, or press ? or * to list all spells.
You don't have enough magic to cast this spell.
Items here: ))) ††.
Casting: Static Discharge (safe; 5% risk of failure)
Confirm with . or Enter, or press ? or * to list all spells.
You don't have enough magic to cast this spell.
Really attack while wielding your +0 sling? [Y]es or [N]o only, please.
Really attack while wielding your +0 sling? [Y]es or [N]o only, please.
Really attack while wielding your +0 sling? [Y]es or [N]o only, please.
Really attack while wielding your +0 sling? [Y]es or [N]o only, please.
Really attack while wielding your +0 sling?
Okay, then.
Fire: h) +0 sling
Press: ? - help, Q - select action, (/) - cycle Shift-Dir - straight line, f - Robin
Aim: Robin, wielding a +0 falchion, wearing a +0 animal skin and wearing a +0 helmet (62% to hit)
You shoot a sling bullet. The sling bullet barely misses Robin.
The goblin shouts!
The sling bullet hits the goblin.
The goblin is severely wounded.
Robin barely misses you. The goblin hits you with a +0 dagger.
* * * LOW HITPOINT WARNING * * *
Fire: h) +0 sling
Press: ? - help, Q - select action, (/) - cycle Shift-Dir - straight line, f/p - Robin
Aim: Robin, wielding a +0 falchion, wearing a +0 animal skin and wearing a +0 helmet (62% to hit)
You shoot a sling bullet.
The sling bullet hits Robin but does no damage.
Robin hits you but does no damage. The goblin misses you.
Fire: h) +0 sling
Press: ? - help, Q - select action, (/) - cycle Shift-Dir - straight line, f/p - Robin
Aim: Robin, wielding a +0 falchion, wearing a +0 animal skin and wearing a +0 helmet (62% to hit)
You shoot a sling bullet. The sling bullet hits Robin.
Robin is moderately wounded.
Robin hits you with a +0 falchion.
You die...

### #.. # #.#
#### ##. #.#
#...## .?..
##.##.....# ....
..#.).....
#..###.........
#...<).).......
#....)g@gg.....
#....####)......
##.>. #...!..
#..# #...#. #..
#.## ... .# .?..
#


You could see Robin and 2 goblins.

Vanquished Creatures
  2 adders (D:2)
  6 endoplasms
  A giant cockroach (D:1)
  5 hobgoblins
  2 jackals (D:2)
  A quokka (D:1)
  4 ball pythons
  7 bats
  3 frilled lizards
  12 goblins
  4 kobolds (D:1)
  7 rats
54 creatures vanquished.

Notes
Turn   | Place    | Note
-------+----------+-------------------------------------------
     0 | D:1      | Ast3rio the Deep Elf Air Elementalist began the quest for
                  | the Orb.
     0 | D:1      | Reached XP level 1. HP: 10/10 MP: 6/6
   206 | D:1      | Reached XP level 2. HP: 15/15 MP: 4/8
   720 | D:1      | Found a faded altar of an unknown god.
  1149 | D:2      | Reached XP level 3. HP: 18/19 MP: 2/10
  1508 | D:2      | Found a shimmering altar of Xom.
  1697 | D:2      | Learned a level 2 spell: Static Discharge
  2384 | D:3      | Noticed Robin
  2387 | D:3      | Reached XP level 4. HP: 24/24 MP: 8/11
  2391 | D:3      | Reached skill level 4 in Spellcasting
  2394 | D:3      | Slain by Robin

Illustrated notes

Levels and vault maps discovered:
D:1:      roderic_octagonal_star, layout_basic,
          hellmonk_ecumenical_altar_leap_of_faith
D:2:      cheibrodos_old_hovel, layout_loops_corners, basic_altar
D:3:      layout_loops_ring, uniq_crazy_yiuf_cottage, uniq_robin

Skill      XL: |  1  2  3  4 |
---------------+-------------+-----
Stealth        | 3 |  3.2
Spellcasting   | 4 |  4.0
Ranged Weapons | |  0.5
Dodging        | |  2.7
Conjurations   | |  1.4
Air Magic      | |  3.9

Action                   |  1- 3 |  4- 6 || total
-------------------------+-------+-------++-------
 Fire: Sling             |    23 |     3 ||    26
 Cast: Shock             |    83 |       ||    83
       Static Discharge  |     1 |     4 ||     5
Armor: Robe              |     8 |     2 ||    10
Dodge: Dodged            |    24 |     2 ||    26
